[Event "*** Titled Tuesday 3|2 Blitz"]
[Site "Chess.com"]
[Date "2017.03.07"]
[Round "4"]
[White "Beca95"]
[Black "rpragchess"]
[Result "1-0"]
[WhiteElo "2683"]
[BlackElo "1563"]
[TimeControl "180+2"]
[EndTime "13:55:00 PST"]
[Termination "Beca95 won by checkmate"]

1. d4 Nf6 2. c4 e6 3. Nc3 d5 4.
Nf3 Be7 5. Bg5 O-O 6. e3 h6 7.
Bxf6 Bxf6 8. Rc1 b6 9. h4 Bb7 10. g4 dxc4 11. g5 hxg5 12. hxg5 Bxg5 13. Rh5 Bh6 14. Ne5 f5 15. Bxc4 Qe8 16. d5 Kh7 17.
dxe6 Nc6 18. Nf7 Rxf7 19. exf7 Qe5 20. Qd5 g6 21. Rh3 Kg7 22. Qd7 Rf8 23. Bd5 Nb8 24. Qe6 Qxe6 25. Bxe6 Nc6 26. Nd5 Ne5 27. Rxc7 Ba6 28.
Rxa7 Bc4 29. Nc7 Nd3+ 30. Kd2 Nxf2 31. Ne8+ Kh7 32. Rxh6+ Kxh6 33. Bxc4 Ne4+ 34. Ke2 Ng5 35. Nd6 Kg7 36. Re7 Kf6 37. Re8 Kg7 38. a4 Ne4 39. Nxe4 fxe4 40. Rxe4 Rc8 41. Re8 Rxc4 42. f8=Q+ Kh7 43.
Qh8# 1-0

[Event "*** Titled Tuesday 3|2 Blitz"]
[Site "Chess.com"]
[Date "2017.03.07"]
[Round "4"]
[White "FearlessKing64"]
[Black "escher"]
[Result "0-1"]
[WhiteElo "2110"]
[BlackElo "2132"]
[TimeControl "180+2"]
[EndTime "13:55:04 PST"]
[Termination "escher won by resignation"]

1. e4 c5 2. Nf3 Nc6 3. d4 cxd4 4.
Nxd4 Nf6 5. Nc3 e5 6. Ndb5 d6 7. Bg5 a6 8. Na3 b5 9. Bxf6 gxf6 10. Nd5 f5 11. c3 Bg7 12. exf5 Bxf5 13. Nc2 Bxc2 14. Qxc2 Ne7 15. Nxe7 Qxe7 16. a4 O-O 17.
Qe4 Qe6 18. axb5 d5 19. Qa4 e4 20. bxa6 e3 21. f3 Rfb8 22. Qc2 Qc6 23. Bd3 Rxb2 24.
Bxh7+ Kh8 25. Qf5 Qxc3+ 26. Kf1 Rf2+ 27. Kg1 Qxa1+ 28. Qb1 Qxb1+ 29. Bxb1 Rxa6 30. h4 Ra1 31. Kh2 Be5+ 32. Kh3 e2 33. Kg4 Rf1 34. Rh3 e1=Q 35. Bf5 Rg1 36. g3 Rxg3+ 37. Kh5 Rxh3 38. Bxh3 Qg3 39. Bg4 Kh7 40. Kg5 Qf4+ 0-1

[Event "*** Titled Tuesday 3|2 Blitz"]
[Site "Chess.com"]
[Date "2017.03.07"]
[Round "4"]
[White "Abdodi"]
[Black "Generalas"]
[Result "0-1"]
[WhiteElo "2012"]
[BlackElo "2181"]
[TimeControl "180+2"]
[EndTime "13:55:06 PST"]
[Termination "Generalas won by resignation"]

1. d4 Nf6 2. c4 e6 3. Nc3 Bb4 4. f3 d5 5. a3 Bxc3+ 6. bxc3 O-O 7. Bg5 c5 8. e3 Qa5 9. Qd2 Nbd7 10. Nh3 b6 11.
cxd5 exd5 12. Bd3 Ba6 13. O-O Rfe8 14. Rfe1 cxd4 15. exd4 Rxe1+ 16. Rxe1 Bxd3 17. Qxd3 Qxa3 18. Bc1 Qd6 19. g4 a5 20. g5 Nh5 21. Qb5 a4 22. Bd2 a3 23. Ra1 g6 24. Nf2 Ra5 25. Qb3 b5 26. Nd3 Nb6 27. Nc5 Nc4 28. Bc1 Qe7 29.
Qd1 a2 30. Qc2 Qe1+ 31. Kg2 Nf4+ 32. Bxf4 Qxa1 33. Bc1 Qxc1 34. Qxc1 a1=Q 35. Qf4 Ra2+ 36.
Kg3 Qe1+ 37. Kh3 Qf1+ 38. Kh4 Qf2+ 39. Qg3 Qxh2+ 40. Kg4 Rg2 0-1

[Event "*** Titled Tuesday 3|2 Blitz"]
[Site "Chess.com"]
[Date "2017.03.07"]
[Round "4"]
[White "chessking2151"]
[Black "MateusViageiro"]
[Result "1-0"]
[WhiteElo "2391"]
[BlackElo "2227"]
[TimeControl "180+2"]
[EndTime "13:55:09 PST"]
[Termination "chessking2151 won by resignation"]

1. e4 c5 2. Nf3 d6 3. d4 cxd4 4.
Nxd4 Nf6 5. Nc3 a6 6. Be3 Ng4 7. Bg5 h6 8. Bh4 g5 9. Bg3 Bg7 10. Qd2 Nc6 11. Nb3 Be6 12. h4 gxh4 13. Rxh4 Rc8 14.
Bf4 Nb4 15. a3 Nc6 16. Be2 Nge5 17. Bxh6 Ng6 18. Rh5 Bxc3 19. bxc3 Nce5 20. Nd4 Nc4 21. Nxe6 Nxd2 22. Nxd8 Nxe4 23. Nxb7 Nxc3 24. Bg7 Rxh5 25.
Bxh5 Nf4 26. Bf3 Ne6 27. Bxc3 Rxc3 28. Kd2 Rc7 29. Na5 Nd4 30. c3 Nxf3+ 31. gxf3 Rc5 32. Nb3 Rf5 33. Nd4 Rd5 34. Kc2 e5 35. Ne2 Ra5 36. c4 Rc5 37. Kb3 Ke7 38. Nc3 Ke6 39.
Rh1 Rc8 40. Rh6+ Ke7 41. Nd5+ Kd7 42. Nb6+ 1-0

[Event "*** Titled Tuesday 3|2 Blitz"]
[Site "Chess.com"]
[Date "2017.03.07"]
[Round "4"]
[White "B-man"]
[Black "jk13"]
[Result "0-1"]
[WhiteElo "2501"]
[BlackElo "2516"]
[TimeControl "180+2"]
[EndTime "13:55:11 PST"]
[Termination "jk13 won by resignation"]

1. e4 e5 2. Nf3 Nc6 3. Bb5 Nf6 4.
d3 Bc5 5. a3 Nd4 6. Nxd4 Bxd4 7.
c3 Bb6 8. O-O O-O 9. Bg5 h6 10.
Bh4 d6 11. Kh1 g5 12. Bg3 Bg4 13. f3 Be6 14. d4 Nh5 15. Bf2 Qf6 16. a4 c6 17. a5 Bc7 18. Ba4 Qg6 19. a6 b5 20.
Bc2 g4 21. d5 Bd7 22. dxc6 Bxc6 23. fxg4 Nf6 24. Nd2 Nxg4 25. Bg1 f5 26. Qe2 f4 27. Nf3 Qh5 28. Rad1 Kh8 29. Bb3 Rf6 30. Bd5 Bxd5 31.
Rxd5 Rg8 32. Bxa7 Nxh2 33. Kg1 Ng4 34. Ra1 Rfg6 35. Rd2 Nf6 36. Kf1 Qh1+ 37. Bg1 Nh5 38. Ke1 Rxg2 39. Qf1 Rxg1 40. Qxg1 Rxg1+ 41. Nxg1 Qxg1+ 42. Ke2 Qxa1 0-1

[Event "*** Titled Tuesday 3|2 Blitz"]
[Site "Chess.com"]
[Date "2017.03.07"]
[Round "4"]
[White "AnthonyWirig"]
[Black "jcibarra"]
[Result "0-1"]
[WhiteElo "2561"]
[BlackElo "2678"]
[TimeControl "180+2"]
[EndTime "13:55:15 PST"]
[Termination "jcibarra won by resignation"]

1. d4 Nf6 2. Nf3 g6 3. g3 d6 4. Bg2 Bg7 5. O-O O-O 6. Nc3 d5 7. b3 c5 8. e3 Nc6 9. Bb2 cxd4 10. Nxd4 Bg4 11. Qd2 Nxd4 12. exd4 Rc8 13. h3 Bf5 14. g4 Be6 15. Ne2 Qc7 16. c3 h5 17.
f3 hxg4 18. hxg4 Bd7 19. Rfe1 Rfe8 20. Rad1 b5 21. Nc1 Qg3 22. Qf2 Qd6 23. Nd3 Rc7 24. Ne5 Bc8 25. Re2 Nd7 26. Rde1 Nxe5 27. dxe5 Qc5 28. Qxc5 Rxc5 29. g5 Bf5 30. f4 Rec8 31.
Rd2 e6 32. Bf1 a6 33. Ra1 Rxc3 34. Bxc3 Rxc3 35. Rad1 Bf8 36. Bd3 Bc5+ 37. Kg2 Be3 38. Bxf5 Bxd2 39. Bxe6 Bxf4 40. Bxf7+ Kxf7 41. Rf1 Rg3+ 0-1

[Event "*** Titled Tuesday 3|2 Blitz"]
[Site "Chess.com"]
[Date "2017.03.07"]
[Round "4"]
[White "rasmussvane"]
[Black "Izoria123"]
[Result "1-0"]
[WhiteElo "2511"]
[BlackElo "2550"]
[TimeControl "180+2"]
[EndTime "13:55:15 PST"]
[Termination "rasmussvane won by resignation"]

1. Nf3 g6 2. c4 Bg7 3. d4 Nf6 4. Nc3 d5 5. cxd5 Nxd5 6. e4 Nxc3 7. bxc3 c5 8. h3 O-O 9. Be2 b6 10. O-O Bb7 11. d5 Bxc3 12. Bh6 Bg7 13. Bxg7 Kxg7 14. Qb3 Qd6 15. Rfd1 e5 16. a4 Na6 17.
Nd2 Nb4 18. a5 f6 19. Bb5 a6 20. Bc6 Bxc6 21. Nc4 Bxd5 22. exd5 Qe7 23. axb6 Rfd8 24. Ne3 Rab8 25. Nc4 Qf7 26. Ra5 Rxd5 27. Rc1 Nc6 28. Rxa6 Nd4 29. Qb2 Rd7 30. Ne3 Qe6 31. Rxc5 Qd6 32.
Rd5 Qxd5 33. Nxd5 Rxd5 34. Kh2 g5 35. Qc3 Kg6 36. Qc7 Rdd8 37. Ra7 Kf5 38. Qxh7+ Ke6 39. Qf7+ Kf5 40. b7 Rd6 41. Ra8 Rdd8 42. Rxb8 Rxb8 43. Qc7 1-0

[Event "*** Titled Tuesday 3|2 Blitz"]
[Site "Chess.com"]
[Date "2017.03.07"]
[Round "4"]
[White "alekroth64"]
[Black "GMCanty"]
[Result "1-0"]
[WhiteElo "2267"]
[BlackElo "2324"]
[TimeControl "180+2"]
[EndTime "13:55:19 PST"]
[Termination "alekroth64 won by resignation"]

1. d4 Nf6 2. c4 c5 3. d5 d6 4. Nc3 e5 5. e4 g6 6. f3 Bg7 7. Be3 O-O 8. Qd2 Ne8 9. Bd3 f5 10.
Nge2 f4 11. Bf2 Nf6 12. O-O-O a6 13. Kb1 Bd7 14. Nc1 Qe8 15. Qe2 b5 16. cxb5 axb5 17. Bxb5 Rf7 18. a4 Bf8 19. Nb3 Qc8 20. Nd2 Qc7 21. Nc4 Na6 22. Bxa6 Rxa6 23. Nxe5 Rb6 24.
Nxf7 Kxf7 25. Rhe1 Qb8 26. Rd2 Ne8 27. e5 Bf5+ 28. Kc1 Bg7 29. exd6 Bxc3 30. Qe7+ Kg8 31. Qxe8+ Qxe8 32. Rxe8+ Kf7 33. Re7+ Kf6 34. Bxc5 Bxd2+ 35. Kxd2 Rxb2+ 36. Kc3 Rc2+ 37. Kb4 Rxg2 38. h4 g5 39. Bd4+ Kg6 40. d7 Bxd7 41. Rxd7 h6 42. hxg5 hxg5 43. Rg7+ Kf5 44. d6 Ke6 45. d7 1-0

[Event "*** Titled Tuesday 3|2 Blitz"]
[Site "Chess.com"]
[Date "2017.03.07"]
[Round "4"]
[White "DryCounty"]
[Black "PlotnikovPavel"]
[Result "0-1"]
[WhiteElo "2506"]
[BlackElo "2321"]
[TimeControl "180+2"]
[EndTime "13:55:21 PST"]
[Termination "PlotnikovPavel won by resignation"]

1. Nf3 e6 2. e4 d5 3. exd5 exd5 4. d4 Bd6 5. c4 c6 6. Nc3 Ne7 7. Bd3 O-O 8. O-O Bf5 9. Bxf5 Nxf5 10.
cxd5 cxd5 11. Bg5 Qa5 12. Qd3 g6 13. Rfe1 Nc6 14. Bf6 Rfe8 15. g3 Nb4 16. Qd2 Bf8 17. Kg2 Bh6 18. Bg5 Bg7 19. Rxe8+ Rxe8 20. Re1 Rc8 21.
Bf4 Nc6 22. Be5 Nxe5 23. dxe5 d4 24. Ne4 Qxd2 25. Nexd2 Rc2 26. g4 Nh4+ 27. Kg3 Nxf3 28. Nxf3 Rxb2 29. Nxd4 Rxa2 30. Nb5 Ra5 31. Rb1 a6 32.
Na7 Bxe5+ 33. f4 Ra3+ 34. Kg2 Bxf4 35. Rxb7 Ra2+ 36. Kf3 Bxh2 37. Nc6 Kg7 38. Nd8 Rc2 39. Nxf7 Rc7 40. Rxc7 Bxc7 41. Ng5 Kg8 42. Ne6 Bd6 43. Ke4 a5 44. Kd5 Be7 45. Kc4 a4 46. Nd4 a3 47.
Kb3 Kf7 48. Nf3 Kf6 49. Ka2 h5 50. gxh5 gxh5 51. Kb3 Kf5 52. Nd4+ Ke4 53. Ne2 h4 54. Ng1 Kf4 55. Kc2 Kg4 56. Kb3 h3 0-1

[Event "*** Titled Tuesday 3|2 Blitz"]
[Site "Chess.com"]
[Date "2017.03.07"]
[Round "4"]
[White "LuckyTiger"]
[Black "Rating-Schmating"]
[Result "1-0"]
[WhiteElo "2479"]
[BlackElo "2272"]
[TimeControl "180+2"]
[EndTime "13:55:21 PST"]
[Termination "LuckyTiger won by checkmate"]

1. e4 e6 2. d4 d5 3. Nc3 Bb4 4. Bd3 dxe4 5. Bxe4 Nf6 6. Bf3 c5 7. a3 Ba5 8. dxc5 Qxd1+ 9. Bxd1 Bxc3+ 10. bxc3 Ne4 11.
Be3 Nxc3 12. Bf3 Nd5 13. Bd2 Nc6 14. c4 Nf6 15. Bc3 O-O 16. Bxf6 gxf6 17. Bxc6 bxc6 18. Kd2 e5 19. Ne2 Be6 20. Kc3 Rfd8 21. Rhd1 Kf8 22. Ng3 f5 23. f4 f6 24. Re1 Rd4 25. fxe5 Rxc4+ 26. Kd3 Rxc5 27. exf6 Kf7 28. Rac1 Rd8+ 29. Ke3 Rdd5 30. Nh5 Re5+ 31. Kf2 Rxc1 32. Rxc1 c5 33. Rb1 Kg6 34. Nf4+ Kxf6 35. Rb7 Re4 36. g3 Ra4 37. Rxh7 Bf7 38. Rh8 Rxa3 39. h4 c4 40. Rc8 c3 41.
Rc5 Ra2+ 42. Ke3 c2 43. h5 Ra3+ 44. Kf2 Kg5 45. Rc6 Bxh5 46. Nh3+ Kg4 47. Rc4+ Kxh3 48. Rh4# 1-0

[Event "*** Titled Tuesday 3|2 Blitz"]
[Site "Chess.com"]
[Date "2017.03.07"]
[Round "4"]
[White "vpantev"]
[Black "Mepetmepe"]
[Result "1-0"]
[WhiteElo "2455"]
[BlackElo "2331"]
[TimeControl "180+2"]
[EndTime "13:55:22 PST"]
[Termination "vpantev won on time"]

1. d4 Nf6 2. Nf3 d5 3. c4 e6 4. g3 Bb4+ 5. Bd2 Bd6 6. Qc2 c6 7. Bg2 O-O 8. O-O Nbd7 9. Nc3 b6 10. e4 Be7 11. e5 Ne8 12. Nxd5 cxd5 13. cxd5 exd5 14.
h4 Ba6 15. Rfe1 Nc7 16. Ng5 g6 17. Rac1 Rc8 18. Qa4 b5 19. Qa5 Nb6 20. Rxc7 Qxc7 21. Qxa6 Nc4 22. Bc1 Qb6 23. Qxb6 Nxb6 24. Bf1 a6 25.
Bd3 Rc7 26. Bf4 Rc6 27. Kg2 Rfc8 28. Nf3 Nd7 29. h5 Nf8 30. Be3 Ne6 31. Rh1 b4 32. Nh2 Kf8 33. Ng4 Ke8 34. hxg6 hxg6 35. Rh7 b3 36.
axb3 Rb8 37. Rh8+ Nf8 38. Bh6 Kd7 39. Nf6+ Kc7 40. Nxd5+ Kd7 41. Nxe7 Kxe7 42. Bc4 Nd7 43. Bg5+ f6 44. exf6+ Rxf6 45. Rh7+ 1-0

[Event "*** Titled Tuesday 3|2 Blitz"]
[Site "Chess.com"]
[Date "2017.03.07"]
[Round "4"]
[White "SCIM"]
[Black "cheese111"]
[Result "1-0"]
[WhiteElo "2326"]
[BlackElo "2262"]
[TimeControl "180+2"]
[EndTime "13:55:23 PST"]
[Termination "SCIM won on time"]

1. d4 Nf6 2. c4 g6 3. Nc3 Bg7 4. e4 d6 5. f3 O-O 6. Be3 c5 7. Nge2 Qa5 8. Nc1 cxd4 9. Nb3 Qh5 10.
Nxd4 Nc6 11. Be2 Qh4+ 12. Bf2 Qg5 13. Nxc6 bxc6 14. O-O Qa5 15. Qd2 Be6 16. Rac1 Rab8 17. b3 d5 18. exd5 cxd5 19. c5 Rfd8 20. Bd4 Ne4 21.
Qe3 Bxd4 22. Qxd4 Qxc5 23. Nb5 Qxd4+ 24. Nxd4 Nf6 25. Nc6 Kf8 26. Rfd1 Rdc8 27. Nxb8 Rxb8 28. Rc7 Ra8 29. Ba6 Ke8 30. Kf2 Kd8 31. Rc3 Bd7 32. b4 Rb8 33. a3 e6 34. g4 Rb6 35. Bf1 Ne8 36. g5 Nd6 37. Bd3 Bb5 38. Bxb5 Rxb5 39.
Rc5 Rb6 40. Ke3 Nc4+ 41. Rxc4 1-0

[Event "*** Titled Tuesday 3|2 Blitz"]
[Site "Chess.com"]
[Date "2017.03.07"]
[Round "4"]
[White "RamonManon0g"]
[Black "saraswathii"]
[Result "1/2-1/2"]
[WhiteElo "2304"]
[BlackElo "2157"]
[TimeControl "180+2"]
[EndTime "13:55:27 PST"]
[Termination "Game drawn by agreement"]

1. d4 Nf6 2. Bg5 g6 3. Bxf6 exf6 4. e3 Bg7 5. c4 O-O 6. Nc3 c6 7. g3 d6 8. Bg2 Be6 9. d5 Bf5 10.
Nge2 Re8 11. O-O c5 12. a3 Na6 13. Qa4 Nc7 14. b4 b6 15. Nb5 Bd3 16. Rfe1 Bxc4 17. Nxc7 Qxc7 18. bxc5 b5 19. cxd6 Qxd6 20. Qb4 Qxb4 21.
axb4 f5 22. Nd4 Red8 23. Ra5 Bxd4 24. exd4 Bxd5 25. Rxb5 Bxg2 26. Kxg2 Rxd4 27. Re7 Re4 28. Rd7 Rc8 29. Rbb7 Rc2 30. Rxf7 Ree2 31. Rg7+ Kf8 32. Rgd7 Rxf2+ 33. Kg1 Rfe2 34. Rd8+ Re8 35. Rxe8+ Kxe8 36. Rxa7 Rb2 37. Rxh7 Rxb4 38. Kg2 Kf8 39. Kf3 Kg8 40. Ra7 Kf8 41. h3 Rb3+ 42. Kf4 g5+ 43. Kxg5 Rxg3+ 44. Kf6 Kg8 45. h4 Rh3 46. Kg5 f4 47. h5 f3 48. Ra1 f2 49. Rf1 Rh2 50. Kg4 1/2-1/2

[Event "*** Titled Tuesday 3|2 Blitz"]
[Site "Chess.com"]
[Date "2017.03.07"]
[Round "4"]
[White "Jahonas"]
[Black "Schemato"]
[Result "1-0"]
[WhiteElo "2176"]
[BlackElo "2273"]
[TimeControl "180+2"]
[EndTime "13:55:27 PST"]
[Termination "Jahonas won by resignation"]

1. d4 e6 2. c4 f5 3. Nf3 Nf6 4. g3 c6 5. Bg2 d5 6. O-O Bd6 7. b3 Qe7 8. Bb2 O-O 9. Nc3 Nbd7 10. e3 b6 11. cxd5 cxd5 12. Nb5 Ba6 13. a4 Rfc8 14.
Qd3 Rc6 15. Rfc1 Rac8 16. Nd2 Ne4 17. Nxe4 fxe4 18. Qe2 Bb4 19. Rxc6 Rxc6 20. Rc1 Rxc1+ 21. Bxc1 Nf8 22. Qc2 Qd7 23. Bf1 h6 24. Bd2 Be7 25. h4 Qb7 26. Qc7 Qxc7 27. Nxc7 Bc8 28. Nb5 a5 29. Na7 Bd7 30. Bb5 Kf7 31. Nc6 Bf6 32.
b4 axb4 33. Bxb4 Ke8 34. Kg2 Ng6 35. f3 exf3+ 36. Kxf3 Ne7 37. Nxe7 Bxe7 38. Bxe7 Bxb5 39. axb5 Kxe7 40. Kf4 Kf6 41. h5 Kf7 42. Ke5 Ke7 43.
e4 dxe4 44. Kxe4 Kd6 45. g4 Kd7 46. Ke5 Ke7 47. d5 exd5 48. Kxd5 Kd7 49. Ke5 Ke7 50. Kf5 Kf7 51. g5 hxg5 52. Kxg5 Kf8 53. Kf4 Kg8 54.
Ke5 Kh7 55. Kd6 Kh6 56. Kc6 Kxh5 57. Kxb6 g5 58. Kc7 g4 59. b6 g3 60. b7 g2 61.
b8=Q g1=Q 62. Qh8+ 1-0

[Event "*** Titled Tuesday 3|2 Blitz"]
[Site "Chess.com"]
[Date "2017.03.07"]
[Round "4"]
[White "Misha_Bilous"]
[Black "SabinaFoisor"]
[Result "1-0"]
[WhiteElo "2273"]
[BlackElo "2175"]
[TimeControl "180+2"]
[EndTime "13:55:29 PST"]
[Termination "Misha_Bilous won by checkmate"]

1. d4 d5 2. c4 e6 3. Nc3 Nf6 4.
Bg5 Be7 5. e3 O-O 6. Nf3 h6 7. Bh4 Ne4 8. Bxe7 Qxe7 9. Nxe4 dxe4 10. Nd2 f5 11. Be2 c5 12. O-O Nc6 13. Nb3 cxd4 14. Nxd4 e5 15. Nxc6 bxc6 16. Qc2 Be6 17. c5 Rad8 18. Rfd1 Bd5 19. b4 f4 20. b5 Qg5 21.
bxc6 fxe3 22. Rxd5 Rxd5 23. Bc4 exf2+ 24. Kf1 Rd8 25. c7 Kh8 26. Bxd5 Rc8 27. Rb1 Qe7 28. Rb8 Qxc7 29. Rxc8+ Qxc8 30. Bxe4 Kg8 31. Kxf2 Kf8 32. c6 Qc7 33. Qc5+ Kf7 34. Qd5+ Kf6 35. Qd7 Qxd7 36. cxd7 Ke7 37. Bc6 Kd8 38. Ke3 Kc7 39.
Ke4 a5 40. Kxe5 a4 41. Ke6 g5 42. Ke7 a3 43. d8=Q+ Kxc6 44. Qd6+ Kb5 45. Qxh6 Kc4 46. Qxg5 Kc3 47. Qc1+ Kb4 48. Kd6 Ka4 49. Qb1 Ka5 50.
Kc5 Ka6 51. Qb6# 1-0

[Event "*** Titled Tuesday 3|2 Blitz"]
[Site "Chess.com"]
[Date "2017.03.07"]
[Round "4"]
[White "gkchesstiger"]
[Black "bancsoo"]
[Result "1/2-1/2"]
[WhiteElo "2678"]
[BlackElo "2629"]
[TimeControl "180+2"]
[EndTime "13:55:32 PST"]
[Termination "Game drawn by repetition"]

1. d4 d5 2. Nf3 Nf6 3. Bf4 c5 4.
e3 Nc6 5. c3 Bf5 6. dxc5 a5 7.
Na3 Nh5 8. Be5 Bg4 9. Qa4 Bxf3 10. gxf3 f6 11. Bg3 Nxg3 12. hxg3 e6 13. Qb5 Qe7 14. Nc2 Qxc5 15. Nd4 Qxb5 16. Bxb5 Kd7 17. e4 Kd6 18. O-O-O Nxd4 19. Rxd4 Kc5 20. a4 Rd8 21. exd5 Rxd5 22. Rc4+ Kb6 23. Rc8 g6 24. Kc2 h5 25. c4 Rd4 26. c5+ Ka7 27. c6 bxc6 28. Rc7+ Kb6 29.
Rxc6+ Kb7 30. Rxe6 Bb4 31. Kb1 Rhd8 32. Rc1 Rd2 33. Bc6+ Ka7 34. Rc2 Rxc2 35. Kxc2 Rd2+ 36. Kb3 Rxf2 37. Rxf6 g5 38. Rh6 Rh2 39. Kc4 h4 40. f4 hxg3 41. Rxh2 gxh2 42. fxg5 Be7 43. g6 Bf6 44. b3 Kb6 45. Bf3 Bg7 46. Kd5 Bc3 47. Ke6 Kc5 48. Kf7 Kb4 49. Bd5 Kc5 50. Bg2 Kb4 51. Bd5 Kc5 52. Bg2 Kb4 53. Bd5 Kc5 1/2-1/2

[Event "*** Titled Tuesday 3|2 Blitz"]
[Site "Chess.com"]
[Date "2017.03.07"]
[Round "4"]
[White "aa175"]
[Black "rithwik2002"]
[Result "0-1"]
[WhiteElo "1847"]
[BlackElo "1798"]
[TimeControl "180+2"]
[EndTime "13:55:34 PST"]
[Termination "rithwik2002 won by checkmate"]

1. e4 e6 2. Nf3 d5 3. exd5 exd5 4.
d4 Nf6 5. Be2 Be7 6. O-O O-O 7.
Bg5 Nbd7 8. c4 h6 9. Bh4 dxc4 10. Bxc4 Nb6 11. Bb3 a5 12. Nc3 c6 13. Ne5 Nfd7 14. Bxe7 Qxe7 15. Ng6 Qd6 16. Nxf8 Kxf8 17. Qf3 Nf6 18.
Rad1 a4 19. Ne4 Qd8 20. Nxf6 axb3 21. Ne4 bxa2 22. Qb3 Be6 23. Qe3 Nc4 24. Qb3 Nb6 25. Qb4+ Kg8 26. Nc5 Bc4 27. Rfe1 Bd5 28. Nxb7 Qg5 29. g3 Nd7 30. Nc5 Nxc5 31. dxc5 Qh5 32. f4 Qf3 33. Qd2 Qh1+ 34. Kf2 Qf3+ 35. Kg1 Qh1+ 36. Kf2 Qxh2+ 37. Kf1 Qh1+ 38. Kf2 Qf3+ 39. Kg1 Qxg3+ 40. Kf1 Qf3+ 41. Kg1 Qh1+ 42. Kf2 Qh2+ 43. Kf1 Qh3+ 44. Kg1 Qh1+ 45. Kf2 Qf3+ 46. Kg1 Ra4 47. Qe2 Qh1+ 48. Kf2 Rxf4+ 49. Kg3 Qh4# 0-1

[Event "*** Titled Tuesday 3|2 Blitz"]
[Site "Chess.com"]
[Date "2017.03.07"]
[Round "4"]
[White "GMHess"]
[Black "Hikaru"]
[Result "0-1"]
[WhiteElo "2574"]
[BlackElo "2906"]
[TimeControl "180+2"]
[EndTime "13:55:36 PST"]
[Termination "Hikaru won by resignation"]

1. d4 d5 2. Nf3 Nf6 3. c4 c6 4. e3 Qb6 5. Nc3 Bg4 6. h3 Bxf3 7. Qxf3 e6 8. Bd3 Bb4 9. O-O Nbd7 10.
cxd5 cxd5 11. Bd2 O-O 12. a3 Bd6 13. b4 Rfc8 14. Rfc1 Qd8 15. Nb5 Bb8 16. Rxc8 Qxc8 17. Rc1 Qd8 18. Nc3 Bc7 19. e4 dxe4 20. Nxe4 Bb6 21.
Nxf6+ Nxf6 22. Qxb7 Rb8 23. Qf3 Bxd4 24. Rc6 Rc8 25. Rxc8 Qxc8 26. Be3 Bxe3 27. Qxe3 Qc7 28. a4 Nd5 29. Qc5 Qxc5 30. bxc5 Kf8 31. Be4 Nc3 32.
Bc6 Ke7 33. Kf1 Kd8 34. Ke1 Kc7 35. Be8 f6 36. f3 Kd8 37. Bc6 Kc7 38. Be8 Nd5 39.
Kd2 Nf4 40. g3 Nxh3 41. Ke3 e5 42. f4 exf4+ 43. gxf4 g5 44. fxg5 Nxg5 45. Kf4 Ne6+ 46. Ke4 Nxc5+ 47. Kf5 Kd8 48. Bb5 Ke7 49. a5 Nb3 50. Bd3 Nxa5 51. Kg4 Ke6 52. Bxh7 Ke5 53. Kf3 Nc4 54. Bg8 Kd4 55. Kf4 a5 56. Kf5 a4 57. Kxf6 a3 58. Bxc4 Kxc4 0-1

[Event "*** Titled Tuesday 3|2 Blitz"]
[Site "Chess.com"]
[Date "2017.03.07"]
[Round "4"]
[White "Blitzstream"]
[Black "1e41-0"]
[Result "0-1"]
[WhiteElo "2488"]
[BlackElo "2341"]
[TimeControl "180+2"]
[EndTime "13:55:38 PST"]
[Termination "1e41-0 won on time"]

1. d4 d5 2. Nf3 Nf6 3. Bf4 Bf5 4.
e3 e6 5. c4 c6 6. Nc3 Bd6 7.
Qb3 Bxf4 8. exf4 Qc7 9. g3 Nbd7 10. Be2 O-O 11. O-O Ne4 12. Ne5 Nd2 13. Qd1 Nxf1 14. Qxf1 dxc4 15. Bxc4 Rad8 16. Bb3 Nf6 17. Rd1 Qb6 18.
Nc4 Qc7 19. Ne3 Bg6 20. Qc4 Bh5 21. Rd2 Bf3 22. Bd1 Bxd1 23. Rxd1 Rd7 24. f5 exf5 25.
Nxf5 Rfd8 26. Qe2 Qa5 27. Qf3 Nd5 28. Ne4 Ne7 29. Ned6 Qd5 30. Qg4 Ng6 31. Ne4 h5 32. Qf3 Re8 33. Re1 Re6 34. Re3 Rd8 35. Qxh5 Rxe4 36.
Rf3 Rde8 37. Kg2 Re1 38. Qg5 Qc4 39. Kh3 Qf1+ 40. Kg4 R1e4+ 41. Kh5 Qh3+ 42. Nh4 Rxd4 43. Rxf7 Rxh4+ 44. gxh4 Re5 0-1

[Event "*** Titled Tuesday 3|2 Blitz"]
[Site "Chess.com"]
[Date "2017.03.07"]
[Round "4"]
[White "AdrianaNikolova"]
[Black "Buffy7"]
[Result "0-1"]
[WhiteElo "2324"]
[BlackElo "2505"]
[TimeControl "180+2"]
[EndTime "13:55:38 PST"]
[Termination "Buffy7 won by resignation"]

1. e4 c5 2. Nf3 Nc6 3. d4 cxd4 4.
Nxd4 Nf6 5. Nc3 e5 6. Ndb5 d6 7.
Bg5 a6 8. Na3 Be6 9. Nc4 Rb8 10.
Ne3 Be7 11. Bc4 b5 12. Bxf6 Bxf6 13. Bd5 Ne7 14. Ng4 Bxg4 15. Qxg4 b4 16. Ne2 Nxd5 17. exd5 O-O 18. Ng3 g6 19. h4 Qc8 20. Qe4 h5 21. O-O-O Bg7 22. Rd3 f5 23. Qe2 e4 24. Nxe4 fxe4 25. Qxe4 Rxf2 26. Qe6+ Qxe6 27. dxe6 Rc8 28. c3 bxc3 29. bxc3 Bxc3 30. Kd1 Be5 31. Rhh3 Rb8 32.
Ke1 Rxg2 33. Rb3 Re8 34. Rb7 Rxe6 35. Rf3 Rf6 36. Rb8+ Kg7 37. Rb7+ Kh6 38. Rxf6 Bxf6 39. Rb6 Bxh4+ 40. Kf1 Rf2+ 41. Kg1 Rf6 42. Rxa6 Bf2+ 43.
Kg2 Bc5 44. a4 Rf2+ 45. Kg3 g5 46. Ra8 h4+ 47. Kh3 Rf3+ 48. Kg4 Rf4+ 49. Kh3 Rb4 50. Rh8+ Kg6 51. Rg8+ Kf5 52. Rf8+ Ke6 53. Re8+ Kd7 54.
Ra8 Rb3+ 55. Kg4 Rg3+ 56. Kf5 h3 57. Rh8 g4 58. Rh7+ Kc6 59. a5 Kb5 60. Kf4 Rg2 61.
Ke4 h2 62. a6 Kxa6 0-1

[Event "*** Titled Tuesday 3|2 Blitz"]
[Site "Chess.com"]
[Date "2017.03.07"]
[Round "4"]
[White "PelinGorki"]
[Black "SergeiAza"]
[Result "1-0"]
[WhiteElo "2427"]
[BlackElo "2595"]
[TimeControl "180+2"]
[EndTime "13:55:42 PST"]
[Termination "PelinGorki won by resignation"]

1. e4 c5 2. Nf3 Nc6 3. d4 cxd4 4.
Nxd4 Qb6 5. Nb3 Nf6 6. Be3 Qc7 7. N1d2 e6 8. f3 d5 9. exd5 exd5 10. Qe2 Be7 11. O-O-O Bf5 12. Bc5 O-O 13. Bxe7 Nxe7 14.
Nd4 Bg6 15. N2b3 Nc6 16. Kb1 a5 17. a4 Nb4 18. Rd2 Rac8 19. Qd1 Nd7 20. h4 h6 21. g4 Nb6 22. Bb5 Nc4 23. Re2 Nxc2 24. Nxc2 Ne3 25. Qd2 Bxc2+ 26. Ka2 Bxb3+ 27. Kxb3 Nc4 28. Qd4 Qd6 29.
Ka2 Qb4 30. Qxd5 Rc5 31. Qe4 Rd8 32. Rc1 Rdc8 33. Rec2 Rxb5 34. axb5 Qa4+ 35. Kb1 Na3+ 36. bxa3 Qb3+ 37. Rb2 Rxc1+ 38. Kxc1 Qc3+ 39. Kb1 a4 40. Qxa4 Qe1+ 41. Ka2 Qxh4 42. Rc2 Qf6 43. Qe4 g6 44. Rc8+ Kg7 45. Re8 Qh4 46. Qe5+ 1-0

[Event "*** Titled Tuesday 3|2 Blitz"]
[Site "Chess.com"]
[Date "2017.03.07"]
[Round "4"]
[White "Alexander_Moskalenko"]
[Black "VerdeNotte"]
[Result "0-1"]
[WhiteElo "2703"]
[BlackElo "2568"]
[TimeControl "180+2"]
[EndTime "13:55:43 PST"]
[Termination "VerdeNotte won by resignation"]

1. d4 Nf6 2. Nf3 g6 3. Bf4 Bg7 4. e3 O-O 5. h3 b6 6. Bh2 Bb7 7. a4 a5 8. Nc3 d6 9. Bc4 Nc6 10. O-O e6 11. Re1 Nb4 12. Bf1 Bxf3 13. gxf3 Nh5 14. Ne2 f5 15. c3 Nd5 16. f4 Nhf6 17. Bg2 Ne4 18. Ng3 Ndf6 19. Nxe4 Nxe4 20. d5 Qe7 21. dxe6 Qxe6 22. Qd3 Rae8 23. Rad1 Kh8 24. Qd5 Bf6 25. Qxe6 Rxe6 26. Bxe4 Rxe4 27. Ra1 Rfe8 28. Kg2 Kg7 29. Bg3 d5 30. Red1 c6 31. Kf3 Rc4 32.
Ra2 Ree4 33. Rda1 h5 34. Bh2 h4 35. Ke2 Re7 36. Kd3 Rce4 37. Rg1 c5 38. b3 c4+ 39. bxc4 Rxc4 40. Rb1 Rxc3+ 41. Kd2 d4 42. Bg1 Rd7 43. Ke2 d3+ 44. Kf3 d2 45. Rd1 Rc1 46.
Ke2 Bc3 47. f3 Bb4 48. e4 Rdc7 49. Bd4+ Kf7 50. Ra1 R7c4 51. Kd3 Rxd4+ 52. Kxd4 Bc3+ 53. Kd3 Rxa1 54. Rxd2 Bxd2 0-1

[Event "*** Titled Tuesday 3|2 Blitz"]
[Site "Chess.com"]
[Date "2017.03.07"]
[Round "4"]
[White "Zhani-Z"]
[Black "Cecile_Haussernot"]
[Result "1-0"]
[WhiteElo "2330"]
[BlackElo "2270"]
[TimeControl "180+2"]
[EndTime "13:55:43 PST"]
[Termination "Zhani-Z won by resignation"]

1. e4 c5 2. Nf3 d6 3. d4 cxd4 4.
Nxd4 Nf6 5. f3 e5 6. Nb3 a5 7. c4 Nc6 8. Nc3 a4 9. Nd2 Qa5 10. a3 Nd4 11. Bd3 d5 12. exd5 Bc5 13. Kf1 O-O 14.
Nde4 Nxe4 15. Nxe4 Bb6 16. Bd2 Qa7 17. Bb4 Nf5 18. Qd2 Be3 19. Qe1 Bd4 20. Qd2 Ne3+ 21.
Ke1 Re8 22. Nd6 Rd8 23. Nb5 Qb6 24. Nxd4 exd4 25. Kf2 Qh6 26. Rae1 Re8 27. Be4 f5 28. Qxd4 f4 29. d6 Be6 30. Rxe3 fxe3+ 31. Qxe3 Qh4+ 32. g3 Qf6 33. Bc3 Qd8 34. c5 b6 35. Qd4 Ra7 36.
c6 Qg5 37. d7 Rd8 38. Rd1 Bxd7 39. cxd7 Raxd7 40. Qxd7 Rxd7 41. Rxd7 Qc5+ 42. Kg2 g6 43.
Rg7+ Kf8 44. Bb4 Kxg7 45. Bxc5 bxc5 46. Bc6 Kf6 47. Bxa4 Ke5 48. Bb5 Kd4 49. a4 Ke3 50. a5 1-0